Cogmind - Beta 11 X7 *** ADVENTURER MODE // 2021.10.04 @ 21:10:41 Player: arctifire Result: Self-destructed Performance ------------- Evolutions (1) 500 Regions Visited (5) 1000 Robots Destroyed (18) 90 Value Destroyed (424) 424 Prototype IDs (23) 460 Alien Tech Used (0) 0 Bonus (258) 258 TOTAL SCORE: 2732 Bonus ------- Aligned with FarCom 300 Friendly Fire -42 Cogmind --------- Core Integrity 200/400 Matter 290/300 Energy 46/265 System Corruption 9% Temperature Cool (83) Movement Core (2350) Ox46 Location -9/Exiles Parts ------- > --- POWER (2) -------- Reinforced Ion Engine > --- PROPULSION (3) --- (None) > --- UTILITY (2) ------ High-capacity Storage Unit Huge Storage Unit > --- WEAPON (2) ------- Latent Energy Streamer > --- INVENTORY (25) --- Light Treads Light Treads Aluminum Leg Aluminum Leg Improved Hover Unit Small Storage Unit Medium Storage Unit Large Storage Unit Large Storage Unit High-capacity Battery (250) Splice Drone Bay Medium Laser Small Laser Peak State ------------ > --- POWER ------------ Ion Engine Reinforced Ion Engine > --- PROPULSION ------- Compact Wheel > --- UTILITY ---------- High-capacity Storage Unit Huge Storage Unit > --- WEAPON ----------- Latent Energy Streamer > --- INVENTORY -------- Light Treads Light Treads Aluminum Leg Aluminum Leg Improved Hover Unit Small Storage Unit Medium Storage Unit Large Storage Unit Large Storage Unit High-capacity Battery Splice Drone Bay Medium Laser Small Laser [Rating: 18] Favorites ----------- Power Light Ion Engine Engine Light Ion Engine Propulsion Compact Wheel Leg Aluminum Leg Wheel Compact Wheel Utility Huge Storage Unit Storage Huge Storage Unit Weapon EM Pulse Gun Energy Gun EM Pulse Gun Energy Cannon Latent Energy Streamer Build | -11 -10 -10 -9 -9 -9 ------- Run | Scr Mat Min Mat Min Exi Slots Evolved 2 | . . . 2 . . Power 1 | . . . 1 . . Propulsion 1 | . . . 1 . . Utility . | . . . . . . Weapon . | . . . . . . Parts Attached 18 | . 9 1 2 5 1 Power 3 | . . . 1 2 . Engine 3 | . . . 1 2 . Core . | . . . . . . Reactor . | . . . . . . Propulsion 3 | . 3 . . . . Treads . | . . . . . . Leg . | . . . . . . Wheel 3 | . 3 . . . . Hover . | . . . . . . Flight . | . . . . . . Utility 5 | . 4 1 . . . Device . | . . . . . . Storage 5 | . 4 1 . . . Processor . | . . . . . . Hackware . | . . . . . . Protection . | . . . . . . Artifact . | . . . . . . Weapon 7 | . 2 . 1 3 1 Energy Gun 6 | . 2 . 1 3 . Energy Cannon 1 | . . . . . 1 Ballistic Gun . | . . . . . . Ballistic Cannon . | . . . . . . Launcher . | . . . . . . Special Weapon . | . . . . . . Impact Weapon . | . . . . . . Slashing Weapon . | . . . . . . Piercing Weapon . | . . . . . . Special Melee Weapon . | . . . . . . Unidentified Prototypes . | . . . . . . Parts Lost 9 | . . . 1 6 2 Power 4 | . . . 1 2 1 Propulsion 2 | . . . . 1 1 Utility . | . . . . . . Weapon 3 | . . . . 3 . Highest Loss Streak 3 | . . . 1 3 2 Average Slot Usage (%) 87 | . 98 100 84 69 71 Engine 16 | . 14 14 19 14 21 Wheel 21 | . 26 28 22 11 10 Storage 25 | . 27 28 22 22 22 Energy Gun 22 | . 27 28 21 22 12 Naked Turns . | . . . . . . Heaviest Build 145 | 11 107 127 128 138 145 Greatest Support 26 | 20 26 26 26 16 16 Greatest Overweight (x) 9 | . 6 4 4 8 9 Average Overweight (x) 4 | . 2 4 4 7 8 Largest Inventory Capacity 25 | 8 25 25 25 25 25 Average Capacity 24 | 8 21 25 25 25 25 Most Carried 15 | 6 11 14 15 14 13 Average Carried 12 | 6 9 13 14 12 11 Final Capacity 25 | 8 25 25 25 25 25 Final Carried 14 | 6 11 14 14 11 13 Class Distribution -------------------- 100% | Mutant Dominant Class ---------------- Mutant | -10/Materials Mutant | -10/Mines Mutant | -9/Materials Mutant | -9/Mines Mutant | -9/Exiles Resources | -11 -10 -10 -9 -9 -9 ----------- Run | Scr Mat Min Mat Min Exi Matter Collected 355 | 200 34 66 5 50 . Remotely . | . . . . . . Salvage Created 614 | . 87 159 60 308 . Parts 36 | . 12 6 2 16 . Haulers Intercepted . | . . . . . . Recyclers Shooed . | . . . . . . Parts Field Recycled . | . . . . . . Retrieved Matter . | . . . . . . Parts Self-Destructed . | . . . . . . Prevented . | . . . . . . Kills | -11 -10 -10 -9 -9 -9 ------- Run | Scr Mat Min Mat Min Exi Combat Hostiles Destroyed 18 | . 6 5 1 6 . Guns 17 | . 6 5 . 6 . Classes Destroyed 4 | . 1 1 1 1 . Swarmer 9 | . 6 3 . . . Grunt 6 | . . 2 . 4 . Brawler 2 | . . . . 2 . Sentry 1 | . . . 1 . . Best Kill Streak 4 | . 4 3 1 3 . Combat Bots Only 4 | . 4 3 1 3 . Max Kills in Single Turn 2 | . 2 1 1 1 . Gunslinging 1 | . 1 . . . . Exploded . | . . . . . . Melee . | . . . . . . Uniques/NPCs Destroyed . | . . . . . . Combat | -11 -10 -10 -9 -9 -9 -------- Run | Scr Mat Min Mat Min Exi Damage Taken 791 | . 40 97 46 424 184 Core 233 | . 11 22 10 134 56 Absorbed by Shields . | . . . . . . Core Remaining (%) 93 | 100 . 86 . . . Volleys Fired 43 | . 4 10 5 21 3 Largest 2 | . 2 2 2 2 1 Hottest 90 | . 80 80 80 90 60 Shots Fired 83 | . 8 20 10 42 3 Gun 80 | . 8 20 10 42 . Cannon 3 | . . . . . 3 Launcher . | . . . . . . Special . | . . . . . . Kinetic . | . . . . . . Thermal 18 | . 4 . . 14 . Explosive . | . . . . . . Electromagnetic 65 | . 4 20 10 28 3 Robot Hit Streak 23 | . 6 15 8 22 23 Robot Miss Streak 2 | . . 2 1 2 1 Penetration Max . | . . . . . . Secondary Targets 5 | . 2 2 . 1 . Max Gunslinging Chain 1 | . 1 1 . 1 . Shots Hit Robots 68 | . 6 14 9 37 2 Core Hits 26 | . 6 8 1 10 1 Critical Kills . | . . . . . . Critical Parts Destroyed . | . . . . . . Critical Strikes 1 | . . . . 1 . Burn 1 | . . . . 1 . Melee Attacks . | . . . . . . Impact . | . . . . . . Slashing . | . . . . . . Piercing . | . . . . . . Sneak Attacks . | . . . . . . Combat Hostiles . | . . . . . . Follow-up Attacks . | . . . . . . Damage Inflicted 887 | . 70 203 143 441 30 Guns 789 | . 70 175 103 441 . Cannons . | . . . . . . Explosions 98 | . . 28 40 . 30 Melee . | . . . . . . Ramming . | . . . . . . Kinetic . | . . . . . . Thermal 242 | . 22 28 40 152 . Explosive . | . . . . . . Electromagnetic 645 | . 48 175 103 289 30 Impact . | . . . . . . Slashing . | . . . . . . Piercing . | . . . . . . Highest Corruption 9 | . . . . 3 9 Average Corruption 3 | . . . . 3 3 Corruption Purged . | . . . . . . Effects 14 | . . . . 4 10 Message Errors 5 | . . . . 2 3 Matter Fused 2 | . . . . . 2 Heat Flow Errors 3 | . . . . 2 1 Energy Discharges 2 | . . . . . 2 Data Loss (minor) 2 | . . . . . 2 Overload Shots . | . . . . . . Overflow Damage . | . . . . . . Projectiles . | . . . . . . Explosions . | . . . . . . Melee . | . . . . . . Knockbacks . | . . . . . . Impact . | . . . . . . Kinetic . | . . . . . . Secondary . | . . . . . . Self-Inflicted Damage 24 | . . . . . 24 Shots 1 | . . . . . 1 Rammed . | . . . . . . Targets Rammed . | . . . . . . Kicked . | . . . . . . Crushed . | . . . . . . Highest Temperature 263 | . 36 126 44 247 263 Average Temperature 86 | . 20 57 31 106 110 Received Heat Transfer 313 | . . 36 9 228 40 Siege Activations . | . . . . . . Robots Corrupted 1 | . . . 1 . . Combat Hostiles 1 | . . . 1 . . Parts Fried 2 | . . 1 . 1 . Impact Corruptions . | . . . . . . Robots Melted . | . . . . . . Combat Hostiles . | . . . . . . Parts Melted . | . . . . . . Heat Transferred 621 | . 50 50 50 471 . Parts Sabotaged . | . . . . . . Parts Stolen . | . . . . . . Parts Stripped . | . . . . . . Power Chain Reactions 2 | . . 1 1 . . Missiles Intercepted . | . . . . . . Latent Energy Used 313 | . . . . . 313 LE Corruption 6 | . . . . . 6 Alert | -11 -10 -10 -9 -9 -9 ------- Run | Scr Mat Min Mat Min Exi Peak Influence 207 | . 207 120 74 119 . Initial 39 | . . 2 39 24 . Average 53 | . 85 27 45 86 . Maximum Alert Level 1 | . 1 . . . . Low Security (%) 99 | 100 99 100 100 100 . Level 1 . | . . . . . . Level 2 . | . . . . . . Level 3 . | . . . . . . Level 4 . | . . . . . . Level 5 . | . . . . . . High Security . | . . . . . . Max Security . | . . . . . . Squads Dispatched . | . . . . . . Investigation . | . . . . . . Extermination . | . . . . . . Reinforcement . | . . . . . . Assault . | . . . . . . Garrison . | . . . . . . Intercept . | . . . . . . Construction Impeded . | . . . . . . Haulers Reinforced . | . . . . . . Active Scanning Responses . | . . . . . . Cargo Convoy Interrupts . | . . . . . . Stealth | -11 -10 -10 -9 -9 -9 --------- Run | Scr Mat Min Mat Min Exi Distress Signals 1 | . 1 . . . . Communications Jammed . | . . . . . . Distress Signals . | . . . . . . Times Spotted 34 | . 13 5 1 6 9 Peak Tracking Total 10 | . 5 3 1 3 10 Tactical Retreats 1 | . 1 . . . . Traps | -11 -10 -10 -9 -9 -9 ------- Run | Scr Mat Min Mat Min Exi Traps Triggered 2 | . 2 . . . . Indirectly . | . . . . . . Trap Hack Attempts . | . . . . . . Triggered . | . . . . . . Disarmed . | . . . . . . Reprogrammed . | . . . . . . Reused . | . . . . . . Traps Extracted . | . . . . . . Installed . | . . . . . . Triggered . | . . . . . . Machines | -11 -10 -10 -9 -9 -9 ---------- Run | Scr Mat Min Mat Min Exi Machines Disabled 3 | . . . . . 3 Max in Single Turn 2 | . . . . . 2 Machines Sabotaged . | . . . . . . Garrisons Compromised . | . . . . . . Overloaded Fab Kills . | . . . . . . Fab Network Shutdowns . | . . . . . . Hacking | -11 -10 -10 -9 -9 -9 --------- Run | Scr Mat Min Mat Min Exi Machines Accessed 9 | . 3 2 3 . 1 Terminals 5 | . 2 1 2 . . Fabricators . | . . . . . . Repair Stations 1 | . . . 1 . . Recycling Units 1 | . 1 . . . . Scanalyzers . | . . . . . . Garrison Access . | . . . . . . Total Hacks 19 | . 9 2 7 . 1 Successful 12 | . 7 1 3 . 1 Failed 7 | . 2 1 4 . . Catastrophic 1 | . . . 1 . . Database Lockouts . | . . . . . . Manual 11 | . 3 5 2 . 1 Terminals 8 | . 5 1 2 . . Fabricators . | . . . . . . Repair Stations 5 | . . . 5 . . Recycling Units 4 | . 4 . . . . Scanalyzers . | . . . . . . Garrison Access . | . . . . . . Terminal Hacks 5 | . 3 1 . . 1 Robot Analysis 1 | . 1 . . . . Open Door 1 | . . 1 . . . Branch Access Points 1 | . 1 . . . . Emergency Access Points 1 | . 1 . . . . EX-Prototype ID Bank 1 | . . . . . 1 Fabricator Hacks . | . . . . . . Repair Station Hacks 3 | . . . 3 . . Scan Component 1 | . . . 1 . . Repair 1 | . . . 1 . . Refit 1 | . . . 1 . . Recycling Unit Hacks 4 | . 4 . . . . Report Inventory 1 | . 1 . . . . Retrieve Matter 1 | . 1 . . . . Retrieve Components 2 | . 2 . . . . Scanalyzer . | . . . . . . Garrison Access Hacks . | . . . . . . Unauthorized Hacks . | . . . . . . Terminals . | . . . . . . Fabricators . | . . . . . . Repair Stations . | . . . . . . Recycling Units . | . . . . . . Scanalyzers . | . . . . . . Garrison Access . | . . . . . . Data Cores Recovered . | . . . . . . Used . | . . . . . . Hacking Detections 4 | . 1 1 2 . . Full Trace Events 1 | . 1 . . . . Feedback Events . | . . . . . . Feedback Blocked . | . . . . . . Robot Schematics Acquired . | . . . . . . Robots Built . | . . . . . . Matter . | . . . . . . Time . | . . . . . . Total Robot Build Rating . | . . . . . . Part Schematics Acquired . | . . . . . . Parts Built . | . . . . . . Matter . | . . . . . . Time . | . . . . . . Total Part Build Rating . | . . . . . . Parts Repaired 1 | . . . 1 . . Time 26 | . . . 26 . . Parts Recycled . | . . . . . . Recycled Matter . | . . . . . . Retrieved Matter . | . . . . . . Retrieved Components . | . . . . . . Parts Scanalyzed . | . . . . . . Part Schematics Acquired . | . . . . . . Parts Damaged . | . . . . . . Bothacking | -11 -10 -10 -9 -9 -9 ------------ Run | Scr Mat Min Mat Min Exi Used RIF Installer . | . . . . . . Robots Hacked . | . . . . . . Non-combat . | . . . . . . Combat . | . . . . . . Robot Hacks Applied . | . . . . . . Relay Couplers Released . | . . . . . . Robots Rewired . | . . . . . . Allies Hacked . | . . . . . . Hacks Repelled . | . . . . . . Allies | -11 -10 -10 -9 -9 -9 -------- Run | Scr Mat Min Mat Min Exi Total Allies . | . . . . . . Largest Group . | . . . . . . Highest-Rated Group . | . . . . . . Highest-Rated Ally . | . . . . . . Total Orders . | . . . . . . Ally Attacks . | . . . . . . Total Damage . | . . . . . . Kills . | . . . . . . Allies Corrupted . | . . . . . . Allies Melted . | . . . . . . Intel | -11 -10 -10 -9 -9 -9 ------- Run | Scr Mat Min Mat Min Exi Robot Analysis Total 1 | . 1 . . . . Derelict Logs Recovered 1 | . . 1 . . . Drone Launches . | . . . . . . Drone Recoveries . | . . . . . . Exploration | -11 -10 -10 -9 -9 -9 ------------- Run | Scr Mat Min Mat Min Exi Turns Passed 2329 | 9 416 776 343 289 496 Spaces Moved 1301 | 8 282 491 200 105 215 Core . | . . . . . . Treads . | . . . . . . Legs 25 | 8 17 . . . . Wheels 1276 | . 265 491 200 105 215 Hover . | . . . . . . Flight . | . . . . . . Fastest Speed 105 | 120 105 150 150 205 220 Average Speed 164 | 120 136 150 150 210 225 Slowest Speed 235 | 120 200 150 150 220 235 Overloaded Moves . | . . . . . . Propulsion Burnouts . | . . . . . . Robots Hopped . | . . . . . . Cave-ins Triggered . | . . . . . . Exploration Rate (%) 35 | 2 54 79 18 18 41 Regions Visited 5 Branch Regions 3 Pre-discovered Areas . | . . . . . . Known Exits Taken 2 | . 1 1 . . . Unknown Exits Taken 3 | 1 . . 1 1 . Scrap Searched 4 | . . 3 . 1 . Spaces Dug . | . . . . . . Terrain Destroyed 39 | . . 4 2 . 33 Melee . | . . . . . . Projectile . | . . . . . . AOE 39 | . . 4 2 . 33 Terrain Rammed . | . . . . . . Walls Destroyed . | . . . . . . Machines Disabled . | . . . . . . Actions | -11 -10 -10 -9 -9 -9 --------- Run | Scr Mat Min Mat Min Exi Total 1404 | 7 300 510 233 131 223 Wait 38 | . 3 7 26 . 2 Move 1296 | 7 281 490 199 104 215 Hop . | . . . . . . Pick Up 7 | . 3 2 1 1 . Fast Attach 6 | . 3 . 1 1 1 Attach 6 | . 1 . 1 4 . Detach 2 | . . . . . 2 Swap 6 | . 5 1 . . . Drop . | . . . . . . Fire 43 | . 4 10 5 21 3 Melee . | . . . . . . Ram . | . . . . . . Kick . | . . . . . . Crush . | . . . . . . Escape Stasis . | . . . . . . Rewire . | . . . . . . Trap . | . . . . . . Miscellaneous . | . . . . . . Route ------- -11/Scrapyard -10/Materials (discovered 2 exits: *Mat / *Min) -10/Mines (discovered 2 exits: *Mat x2) -9/Materials -9/Mines -9/Exiles History --------- Turn | Location | Event 1 | -11/Scrapyard | Discovered new exit (range 1) 10 | -11/Scrapyard | Entered Materials 311 | -10/Materials | Discovered new exit (range 16) 315 | -10/Materials | Build established: Mutant 326 | -10/Materials | Identified exit to Mines 426 | -10/Materials | Entered Mines 596 | -10/Mines | Identified exit to Materials 643 | -10/Mines | Found the Drone Emporium 649 | -10/Mines | Found Prototype Device 1121 | -10/Mines | Received a Rocket Launcher from a helpful Derelict 1163 | -10/Mines | Discovered exit to Materials (range 6) 1202 | -10/Mines | Entered Materials 1202 | -9/Materials | Evolved 2 slots: Power x1, Propulsion x1 1242 | -9/Materials | Repaired EM Pulse Gun 1508 | -9/Materials | Discovered new exit (range 16) 1545 | -9/Materials | Entered Mines 1586 | -9/Mines | Lost 3 parts (1p1n1w) 1756 | -9/Mines | Lost 3 parts (1p2w) 1818 | -9/Mines | Deemed a non-threat by the Exiles lab entrance 1820 | -9/Mines | Discovered new exit (range 5) 1834 | -9/Mines | Entered Exiles 1892 | -9/Exiles | Met 8R-AWN 1933 | -9/Exiles | Met EX-HEX 1995 | -9/Exiles | Met EX-BIN 2043 | -9/Exiles | Aligned with FarCom system 2046 | -9/Exiles | Given EX-Vault access code 2114 | -9/Exiles | Opened EX-Vault 2135 | -9/Exiles | Found Latent Energy Streamer 2188 | -9/Exiles | Warned to stay clear of 0b10 Research branches 2323 | -9/Exiles | Attacked by the Exiles 2330 | -9/Exiles | Self-destructed Last Messages --------------- 02314_ YE&MM>PT%H |W:6 %,MDE#K&KH/#N8>G6JUX|JV 02322_ Machine disabled. 02323_ EXILES: Hostile robot within lab perimeter. Defensive protocols time, folks! 02323_ Penetrated by HV Slug. 02323_ HV Slug penetrates as-65007. 02323_ as-65007 destroyed. 02323_ Penetrated by HV Slug. 02323_ HV Slug penetrates Machine. 02324_ Machine disabled. 02325_ Ion Engine destroyed. 02325_ Penetrated by HV Slug. 02325_ HV Slug penetrates as-37411. 02325_ as-37411 destroyed. 02325_ Machine disabled. 02325_ HV Slug penetrates Machine. 02325_ Machine disabled. 02325_ HV Slug penetrates Wall. 02327_ Com. Wheel destroyed. 02327_ Penetrated by HV Slug. Map ----- +----------------------------------------------------+ | """#??????????????????????????????????????? | | """#??????????????????????????????????????? | | """""?????????????????????????????????????? | | """##?????????????????????????????????????? | | "X" """"??????????????????????????????????????? | | """ #??????????????????????????????????????? | | """""""""#??????????????????????????????????????? | | ###########??????????????????????????????????????? | | #????????????????????????????????????????????????? | | #????????????????????????????????????????????????? | | ##???????????????????????????????????????????????? | | ##???###########????????????????????????????????? | | #####"""""""""##???????????????????????????????? | | " """ """"##????????????###???????????????? | | "" " #???????????? ####????????????? | | " """#??????????? #????????????? | | " "#??????????? #????????????? | | " "##????????? ##???????????# | | ""###??????? #??????????## | | """#??????;; g #???????????# | | "#????## ##????????### | | #""" ##???# ########## | | ##""" z##?## #""""## | | ?#"""" ### * | | ?#"" ## * | | ?"""" @ #### | | " a ""#?#"""""#### | | # ""##?#######??#### | | a% ######??????????????##### | | ##???????????????????????## | | " a ##?????????????????????????? | | "" """ a #??????????????????????????? | | ?"" " " ""#" a% "##??????????????????????????? | | ??##""" """##"""" ""##???????????????????????????? | | ???###""????#########????????????????????????????? | | ?????##??????????????????????????????????????????? | | ?????????????????????????????????????????????????? | | ?????????????????????????????????????????????????? | | ?????????????????????????????????????????????????? | | ?????????????????????????????????????????????????? | | ?????????????????????????????????????????????????? | | ?????????????????????????????????????????????????? | | ?????????????????????????????????????????????????? | | ?????????????????????????????????????????????????? | | ?????????????????????????????????????????????????? | | ?????????????????????????????????????????????????? | | ?????????????????????????????????????????????????? | | ?????????????????????????????????????????????????? | | ?????????????????????????????????????????????????? | | ?????????????????????????????????????????????????? | +----------------------------------------------------+ Best States ------------- Heat Dissipation 28 Energy Generation 17 Energy Capacity 415 Matter Stores 300 Matter Capacity 300 Sight Range 16 Terrain Scan Density 10 Resistance: KI 20 Resistance: TH 20 Resistance: EX 20 Resistance: EM 20 Resistance: I 20 Resistance: S 20 Resistance: P 20 Evasion (%) 50 Offensive Hacking 10 Item Schematics ----------------- None Robot Schematics ------------------ None Fabricated ------------ Nothing Alien Tech Used ----------------- None Achievements -------------- None Challenges ------------ None Game ------ Seed ShadeFlakWand Manual? 0 Play Time 00:13:44 Cumulative 27.1 hours Start 2021.10.04 @ 20:58:02 End 2021.10.04 @ 21:10:41 Sessions 1 Manual Loads 0 Difficulty Adventurer Special Mode None Game No. 30 Rogue 5 Adventurer 19 Explorer 6 Win Type - Total 0 Types 0/0/0/0/0/0/0/0/0 Lore% 20 Gallery% 41 Achievement% 54 Wizard Run 0 Options --------- ASCII 0 Keyboard 0 Movement Arrows Keybinds 0 Fullscreen 1 Font 18/SmallcapsGlow Map View 76x50 Tactical HUD 1 Map Filters NONE Filters NONE Steam 1 RUN: a95b8626-d77c-4c6a-9952-306a156766d1